[Event "*** Titled Tuesday Blitz"]
[Site "Chess.com"]
[Date "2021.02.16"]
[Round "7"]
[White "Hikaru"]
[Black "kuban1991"]
[Result "0-1"]
[WhiteElo "3190"]
[BlackElo "2905"]
[TimeControl "180+1"]
[EndTime "11:17:12 PST"]
[Termination "kuban1991 won by resignation"]

1. e4 e6 2. d3 d5 3. Nd2 Nf6 4. Ngf3 Be7 5. g3 b6 6. e5 Nfd7 7. Bg2 Bb7 8. O-O c5 9. Re1 Nc6 10. h4 Qc7 11. Qe2 h6 12. h5 O-O-O 13. Bh3 Rdg8 14. Nf1 g6 15. hxg6 Rxg6 16. c3 h5 17. d4 h4 18. g4 Rhg8 19. N1h2 Kb8 20. g5 Nf8 21. Nxh4 Rxg5+ 22. Bxg5 Rxg5+ 23. Ng2 cxd4 24. Nf3 Rg8 25. cxd4 Ng6 26. Qe3 Rh8 27. Bg4 Qd8 28.
Rac1 Qg8 29. Ng5 Bxg5 30. Qxg5 Qh7 31. f3 Nb4 32. Qd2 Qh2+ 33. Kf2 Nf4 34. Rh1 Qxg2+ 35. Ke3 Rxh1 36. Rxh1 Qxh1 37. Qxb4 Qc1+ 38. Qd2 Qxd2+ 0-1

[Event "*** Titled Tuesday Blitz"]
[Site "Chess.com"]
[Date "2021.02.16"]
[Round "7"]
[White "exoticprincess"]
[Black "QuintilianoR"]
[Result "1-0"]
[WhiteElo "2909"]
[BlackElo "2704"]
[TimeControl "180+1"]
[EndTime "11:17:13 PST"]
[Termination "exoticprincess won by resignation"]

1. e4 c5 2. Nf3 d6 3. d4 cxd4 4.
Nxd4 Nf6 5. Nc3 a6 6. g3 e5 7. Nf5 d5 8. Bg2 d4 9. Ne2 g6 10. Nh6 Ng4 11. Nxg4 Bxg4 12. O-O Nc6 13. h3 Be6 14. Bd2 Bg7 15. Kh2 O-O 16. f4 exf4 17. Nxf4 Bc4 18. Rf2 Ne5 19. b3 Be6 20. Qe2 Rc8 21.
Bb4 Re8 22. Raf1 Qb6 23. Qd2 Qc6 24. Nd5 Bxd5 25. exd5 Qd7 26. Kh1 h5 27. a4 b6 28.
Qxd4 Ng4 29. Qxb6 Rb8 30. Qd6 Nxf2+ 31. Rxf2 Qb7 32. Bd2 Be5 33. Qc6 Qe7 34. Re2 Rbc8 35. d6 Rxc6 36. dxe7 Rxc2 37. Rxe5 Rxd2 38. Bc6 f6 39. Bxe8 fxe5 40. Bxg6 1-0

[Event "*** Titled Tuesday Blitz"]
[Site "Chess.com"]
[Date "2021.02.16"]
[Round "7"]
[White "TokChess"]
[Black "ErikBlomqvist"]
[Result "0-1"]
[WhiteElo "2380"]
[BlackElo "2527"]
[TimeControl "180+1"]
[EndTime "11:17:13 PST"]
[Termination "ErikBlomqvist won by resignation"]

1. Nf3 c5 2. g3 Nc6 3. Bg2 g6 4. O-O Bg7 5. c4 d6 6. Nc3 Bf5 7. d3 Qd7 8. Rb1 Bh3 9. Bd2 Nf6 10. Nd5 Nxd5 11. cxd5 Nd4 12. Nxd4 cxd4 13. Rc1 Bxg2 14. Kxg2 O-O 15. Qb3 Rfc8 16. a4 h5 17. Qb5 Qf5 18. Qxb7 Rcb8 19. Qxe7 Rxb2 20. Bf4 Qxd5+ 21. Kg1 Bf8 22.
Qf6 Rxe2 23. Rc7 Rae8 24. h4 Be7 25. Rxe7 R8xe7 26. Bxd6 R7e6 27. Qd8+ Kh7 28. Bc7 Qxd8 29.
Bxd8 Rd2 0-1

[Event "*** Titled Tuesday Blitz"]
[Site "Chess.com"]
[Date "2021.02.16"]
[Round "7"]
[White "OlifantCZ"]
[Black "SergeyShtyka"]
[Result "1-0"]
[WhiteElo "2324"]
[BlackElo "2461"]
[TimeControl "180+1"]
[EndTime "11:17:17 PST"]
[Termination "OlifantCZ won on time"]

1. c4 c5 2. g3 Nc6 3. Bg2 g6 4. Nc3 Bg7 5. a3 Nf6 6. Rb1 a5 7. e4 O-O 8. Nge2 d6 9. O-O e5 10. h3 Nd4 11. d3 Be6 12. Nxd4 exd4 13. Ne2 a4 14. b4 axb3 15. Rxb3 Qd7 16. Kh2 Rab8 17.
Rb5 Ne8 18. f4 f5 19. exf5 Bxf5 20. g4 Be6 21. Ng3 Nc7 22. Rb6 d5 23. Qb3 dxc4 24. dxc4 d3 25. Bd2 Qd4 26. Rxb7 Bxc4 27. Qb6 Rxb7 28.
Qxb7 Nb5 29. a4 Nc3 30. a5 Ne2 31. a6 Nxg3 32. Kxg3 Rf7 33. a7 1-0

[Event "*** Titled Tuesday Blitz"]
[Site "Chess.com"]
[Date "2021.02.16"]
[Round "7"]
[White "onnoelgersma"]
[Black "AlexPapasimakopoulos"]
[Result "1-0"]
[WhiteElo "2458"]
[BlackElo "2609"]
[TimeControl "180+1"]
[EndTime "11:17:18 PST"]
[Termination "onnoelgersma won by resignation"]

1. e4 e6 2. Nf3 d5 3. Nc3 Bb4 4. Qe2 d4 5. Nb1 c5 6. g3 Nc6 7. Bg2 Nge7 8. O-O O-O 9. d3 Ba5 10.
Nbd2 Bc7 11. a4 b6 12. Nh4 Bb7 13. f4 f6 14. f5 exf5 15. Nxf5 Nxf5 16. exf5 Na5 17. Ne4 Kh8 18. Bd2 Nc6 19. Qh5 Qe8 20. Qh4 Qf7 21. Rae1 Be5 22. b3 Rfe8 23. g4 h6 24. g5 fxg5 25. Bxg5 Kg8 26. Bd2 Bf6 27. Qg3 Be5 28. Qg4 Kh7 29. f6 Qg6 30. Qh4 gxf6 31. Rxf6 Bxf6 32. Nxf6+ Kg7 33. Nxe8+ Rxe8 34. Rxe8 Qxe8 35.
Qxh6+ Kf7 36. Bd5+ Ke7 37. Bg5+ Kd7 38. Qh3+ Kd6 39.
Be4 Ne5 40. Bxb7 Qg8 41. Qg3 Qg6 42. Bf4 Qf5 43. Bxe5+ Qxe5 1-0

[Event "*** Titled Tuesday Blitz"]
[Site "Chess.com"]
[Date "2021.02.16"]
[Round "7"]
[White "A-Fier"]
[Black "Iskusnyh"]
[Result "1-0"]
[WhiteElo "2802"]
[BlackElo "2602"]
[TimeControl "180+1"]
[EndTime "11:17:19 PST"]
[Termination "A-Fier won by checkmate"]

1. b4 e5 2. Bb2 Bxb4 3. Bxe5 Nf6 4. e3 O-O 5. Nf3 d5 6. Be2 c5 7. O-O Nc6 8. Bb2 Re8 9. d4 c4 10. c3 Bd6 11. Nbd2 Bf5 12. a4 Rc8 13. Ba3 Bb8 14. g3 Qd7 15. Re1 h6 16. Bf1 Bc7 17. Bg2 Ba5 18.
Qc1 Bd3 19. Qb2 Ne4 20. Nxe4 dxe4 21. Nd2 Ne7 22. Bxe7 Rxe7 23. Rec1 a6 24. Qa3 Re6 25. Bh3 Rcc6 26. Rab1 Qc7 27. d5 Red6 28. dxc6 Rxc6 29.
Rb4 Qd6 30. Qb2 Bxb4 31. cxb4 g6 32. Qc3 Rc7 33. Bg2 Qe7 34. Qd4 Kh7 35. Nxe4 Bxe4 36.
Bxe4 Qxb4 37. Bd5 b5 38. axb5 axb5 39. Qf4 Qe7 40. e4 c3 41. h4 h5 42. e5 b4 43.
e6 fxe6 44. Bxe6 c2 45. Bb3 Rc3 46. Bxc2 Qc5 47. Qf7+ Kh6 48. Qxg6# 1-0

[Event "*** Titled Tuesday Blitz"]
[Site "Chess.com"]
[Date "2021.02.16"]
[Round "7"]
[White "xberli"]
[Black "Vugar_Manafov"]
[Result "0-1"]
[WhiteElo "2498"]
[BlackElo "2660"]
[TimeControl "180+1"]
[EndTime "11:17:19 PST"]
[Termination "Vugar_Manafov won by resignation"]

1. b3 Nf6 2. Bb2 g6 3. c4 Bg7 4. Nf3 O-O 5. g3 d6 6. Bg2 Nc6 7. O-O e5 8. d3 Nd7 9. Nc3 f5 10. a3 a5 11. Nd5 e4 12. Bxg7 exf3 13. Bxf8 fxg2 14. Bh6 gxf1=Q+ 15. Qxf1 Nce5 16. h4 Nf7 17. Bd2 c6 18. Nf4 Nde5 19. d4 Ng4 20. d5 c5 21.
Bc3 Nge5 22. h5 a4 23. hxg6 hxg6 24. Qh3 axb3 25. Kg2 Qf6 26. Bb2 Qh8 27. Ne6 Qxh3+ 28. Kxh3 Bxe6 29. dxe6 Ng5+ 30. Kg2 Nxe6 31. Rh1 Ra4 32.
f4 Nxc4 33. Rh8+ Kf7 34. Rh7+ Ke8 35. Bc1 b2 0-1

[Event "*** Titled Tuesday Blitz"]
[Site "Chess.com"]
[Date "2021.02.16"]
[Round "7"]
[White "NikolaMa2000"]
[Black "annacramling"]
[Result "0-1"]
[WhiteElo "1920"]
[BlackElo "2127"]
[TimeControl "180+1"]
[EndTime "11:17:20 PST"]
[Termination "annacramling won by resignation"]

1. d4 Nf6 2. c4 e6 3. Nc3 d5 4. Bg5 Be7 5. e3 O-O 6. Nf3 Nbd7 7. Rc1 c6 8. a3 dxc4 9. Bxc4 b5 10. Ba2 Bb7 11.
O-O a6 12. b4 a5 13. Qb3 a4 14. Qc2 Nd5 15. Bxe7 Qxe7 16. Ne4 e5 17. dxe5 Nxe5 18.
Nxe5 Qxe5 19. Nc5 Bc8 20. Bb1 g6 21. Nd3 Qg5 22. Qxc6 Bh3 23. Ne1 Rac8 24. Qxb5 Rxc1 25. e4 Rxe1 26. g3 Rxf1+ 0-1

[Event "*** Titled Tuesday Blitz"]
[Site "Chess.com"]
[Date "2021.02.16"]
[Round "7"]
[White "chessdjw"]
[Black "goldihouse"]
[Result "0-1"]
[WhiteElo "2703"]
[BlackElo "2565"]
[TimeControl "180+1"]
[EndTime "11:17:22 PST"]
[Termination "goldihouse won by resignation"]

1. e4 e6 2. d4 d5 3. Nc3 Nf6 4. e5 Nfd7 5. f4 c5 6. Nf3 Nc6 7. Be3 Be7 8. Qd2 O-O 9. dxc5 Bxc5 10. O-O-O Bb4 11. a3 Ba5 12. Bd3 f6 13. exf6 Qxf6 14. h4 Rd8 15. f5 Bxc3 16. bxc3 Qf8 17. fxe6 Qxa3+ 18. Kb1 Nf6 19. Ng5 h6 20. Rdf1 hxg5 21. hxg5 Ne4 22. Bxe4 dxe4 23. e7 Be6 24. exd8=Q+ Rxd8 25.
c4 Rxd2 26. Bxd2 Bxc4 27. Rh3 Qxh3 28. gxh3 Bxf1 29. h4 g6 0-1

[Event "*** Titled Tuesday Blitz"]
[Site "Chess.com"]
[Date "2021.02.16"]
[Round "7"]
[White "AttilaTurzo"]
[Black "MaxLeto"]
[Result "1-0"]
[WhiteElo "2493"]
[BlackElo "2344"]
[TimeControl "180+1"]
[EndTime "11:17:23 PST"]
[Termination "AttilaTurzo won on time"]

1. d4 d5 2. Bf4 c5 3. e3 Nc6 4. c3 Qb6 5. Qb3 c4 6. Qc2 Bf5 7. Qxf5 Qxb2 8. Qxd5 Qxa1 9. Qb5 O-O-O 10. Bxc4 e5 11. Nf3 exf4 12. O-O Bd6 13. Bxf7 Nf6 14. Qb3 fxe3 15. fxe3 Rhf8 16. Nbd2 Qxf1+ 17. Kxf1 Kb8 18. Kg1 Ng4 19. e4 Bc7 20. e5 Ne3 21. Be6 Nf5 22.
Bxf5 Rxf5 23. Qe6 Rdf8 24. Ne4 h6 25. Nc5 Ka8 26. Qd7 1-0

[Event "*** Titled Tuesday Blitz"]
[Site "Chess.com"]
[Date "2021.02.16"]
[Round "7"]
[White "ChelsieMonica"]
[Black "m_ezat"]
[Result "0-1"]
[WhiteElo "2330"]
[BlackElo "2488"]
[TimeControl "180+1"]
[EndTime "11:17:24 PST"]
[Termination "m_ezat won by resignation"]

1. c4 Nf6 2. Nf3 g6 3. g3 Bg7 4.
Bg2 O-O 5. O-O c5 6. Nc3 d5 7. cxd5 Nxd5 8. Nxd5 Qxd5 9. d3 Nc6 10. Rb1 Qxa2 11.
Be3 Nd4 12. b4 Nxe2+ 13. Kh1 Nc3 14. Qb3 cxb4 15. Qxa2 Nxa2 16. Nd4 a5 17. Rb2 Nc3 18. Ra1 Ra6 19. Rb3 e5 20. Nc2 Be6 21. Rb2 Rb8 22. d4 exd4 23. Nxd4 Bd5 24. f3 Nb5 25. Nxb5 Bxb2 26.
Rb1 Be5 27. f4 Bxg2+ 28. Kxg2 Bf6 29. Nc7 Rc6 30. Nd5 Bd8 31. Bd4 Rd6 32. Be5 Rxd5 33. Bxb8 Be7 34. Rc1 a4 35. Rc8+ Rd8 36. Rc7 Rxb8 0-1

[Event "*** Titled Tuesday Blitz"]
[Site "Chess.com"]
[Date "2021.02.16"]
[Round "7"]
[White "HElissalt"]
[Black "vladgoncharov"]
[Result "0-1"]
[WhiteElo "2205"]
[BlackElo "2468"]
[TimeControl "180+1"]
[EndTime "11:17:25 PST"]
[Termination "vladgoncharov won by resignation"]

1. d4 Nf6 2. c4 e6 3. Nf3 Bb4+ 4. Bd2 a5 5. g3 b6 6. Bg2 Bb7 7. O-O O-O 8. Bg5 Be7 9. Nc3 Ne4 10. Bxe7 Qxe7 11.
Qc2 Nxc3 12. Qxc3 Na6 13. Rfd1 h6 14. b3 d6 15. a3 Rfd8 16. e3 c5 17. Rd2 Rac8 18.
Rc1 d5 19. Qb2 cxd4 20. exd4 dxc4 21. bxc4 Qc7 22. Rdc2 Rb8 23. Rb1 Be4 24. Ne5 Bxc2 25. Qxc2 Rd6 26. Nc6 Rxc6 0-1

[Event "*** Titled Tuesday Blitz"]
[Site "Chess.com"]
[Date "2021.02.16"]
[Round "7"]
[White "KonstantinB_1983"]
[Black "KetiGrant"]
[Result "0-1"]
[WhiteElo "2531"]
[BlackElo "2402"]
[TimeControl "180+1"]
[EndTime "11:17:26 PST"]
[Termination "KetiGrant won by resignation"]

1. d4 Nf6 2. c4 g6 3. Nc3 Bg7 4. e4 d6 5. Nf3 O-O 6. Be2 e5 7.
O-O Nc6 8. d5 Ne7 9. Ne1 a5 10.
f3 Nd7 11. Be3 f5 12. g4 f4 13. Bf2 g5 14. Nd3 c5 15. a3 Ng6 16. Qd2 b6 17.
Nb5 Nf6 18. b4 Bxg4 19. fxg4 Nxe4 20. Qc2 Nxf2 21. Nxf2 f3 22. Bd3 e4 23. Bxe4 Bxa1 24. Bxg6 Be5 25. Bxh7+ Kh8 26. Bf5 axb4 27. axb4 Qf6 28.
Ne4 Qh6 29. Nc7 Ra3 30. Nb5 Re3 31. Ng3 Re2 0-1

[Event "*** Titled Tuesday Blitz"]
[Site "Chess.com"]
[Date "2021.02.16"]
[Round "7"]
[White "anon481216"]
[Black "noamapplesauce"]
[Result "1-0"]
[WhiteElo "2455"]
[BlackElo "2147"]
[TimeControl "180+1"]
[EndTime "11:17:26 PST"]
[Termination "anon481216 won by resignation"]

1. d4 d5 2. c4 e6 3. Nf3 Nf6 4. Nc3 c6 5. Bg5 h6 6. Bh4 dxc4 7. e4 g5 8. Bg3 b5 9. Be2 Bb7 10.
h4 g4 11. Ne5 h5 12. O-O Nbd7 13. Qc2 Nxe5 14. Bxe5 Rg8 15. Rad1 Nd7 16. Bg3 Be7 17. d5 exd5 18. exd5 Bxh4 19. Qe4+ Kf8 20. dxc6 Bxg3 21. cxb7 Bh2+ 22. Kxh2 Rb8 23. g3 h4 24. Qf5 hxg3+ 25.
fxg3 Qe7 26. Rxd7 Rh8+ 27. Kg2 1-0

[Event "*** Titled Tuesday Blitz"]
[Site "Chess.com"]
[Date "2021.02.16"]
[Round "7"]
[White "azikom"]
[Black "Ave_Mariia"]
[Result "1-0"]
[WhiteElo "2640"]
[BlackElo "2480"]
[TimeControl "180+1"]
[EndTime "11:17:28 PST"]
[Termination "azikom won by resignation"]

1. d4 Nf6 2. Nf3 e6 3. c4 Bb4+ 4. Nbd2 c5 5. a3 Bxd2+ 6. Bxd2 O-O 7. dxc5 Ne4 8. Bf4 Nc6 9. e3 f5 10. Bd6 Nxd6 11. cxd6 b6 12. Be2 Bb7 13. O-O Qf6 14. b4 Rac8 15. Rc1 a5 16. Qd2 axb4 17. axb4 e5 18.
c5 e4 19. Nd4 Ne5 20. Rfd1 Qg6 21. g3 Nf3+ 22. Nxf3 exf3 23. Bc4+ Kh8 24. Bf1 bxc5 25. Rxc5 Qe6 26. Rc7 Rxc7 27. dxc7 Rc8 28. Qxd7 Qxd7 29. Rxd7 Kg8 30. b5 Kf8 31. b6 h6 32. h4 g6 33. Bb5 Kg8 34. Kh2 Kf8 35. Bc6 1-0

[Event "*** Titled Tuesday Blitz"]
[Site "Chess.com"]
[Date "2021.02.16"]
[Round "7"]
[White "Faqade"]
[Black "Nozdrachev_Leonid"]
[Result "1-0"]
[WhiteElo "2686"]
[BlackElo "2529"]
[TimeControl "180+1"]
[EndTime "11:17:29 PST"]
[Termination "Faqade won by resignation"]

1. Nf3 d6 2. e4 Nf6 3. Nc3 e5 4. d4 Nbd7 5. Bc4 Be7 6. g4 g6 7. Rg1 O-O 8. Bh6 Re8 9. Bxf7+ Kxf7 10. Ng5+ Kg8 11. Ne6 exd4 12. Nb5 Ne5 13. Nxd8 Bxg4 14. Rxg4 Nexg4 15. Ne6 Nxh6 16. Nbxc7 Nxe4 17. Nxa8 Bh4 18. Nac7 Nxf2 19. Nxe8 Nxd1+ 20. Kxd1 Kf7 21. N8c7 Ng4 22. Ke2 Bf6 23. h3 Ne3 24. Nf4 Nxc2 25. Rc1 Nb4 26.
Ncd5 d3+ 27. Kd1 Nxd5 28. Nxd5 Bxb2 29. Rb1 Be5 30. Rxb7+ Ke6 31. Nb4 h5 32. Rxa7 Kf5 33. Nxd3 g5 34. Nxe5 dxe5 35. Ke2 Kf4 36. Ra3 g4 37.
hxg4 hxg4 38. Kf2 1-0

[Event "*** Titled Tuesday Blitz"]
[Site "Chess.com"]
[Date "2021.02.16"]
[Round "7"]
[White "bennyficial"]
[Black "Hangar-18"]
[Result "0-1"]
[WhiteElo "2212"]
[BlackElo "2376"]
[TimeControl "180+1"]
[EndTime "11:17:32 PST"]
[Termination "Hangar-18 won by resignation"]

1. e4 c6 2. d4 d5 3. exd5 cxd5 4. Bd3 Nc6 5. c3 Qc7 6. h3 Nf6 7. Nf3 g6 8. O-O Bf5 9. Be2 Bg7 10. Re1 O-O 11. Nbd2 a6 12. Nf1 Ne4 13. Nh4 Bc8 14. Bd3 f5 15. Nf3 b5 16. a3 Rb8 17. N1d2 Be6 18. Qe2 Kh8 19. Bxe4 dxe4 20. Ng5 Bg8 21. Nf1 h6 22. Nxe4 fxe4 23. Qxe4 Bh7 24. Ng3 Rbe8 25. Qe6 Qd6 26. Qe2 e5 27. Ne4 Qd5 28. c4 bxc4 29. Nc3 Qxd4 30. Be3 Qh4 31. Rad1 Nd4 32. Qf1 Nc2 33.
Re2 Nxe3 34. Rxe3 g5 35. Rd7 Bd3 36. Qe1 Qf4 37. Nd5 Qf5 38. Ne7 Qxd7 0-1

[Event "*** Titled Tuesday Blitz"]
[Site "Chess.com"]
[Date "2021.02.16"]
[Round "7"]
[White "Zurability"]
[Black "Bulldog167"]
[Result "1-0"]
[WhiteElo "2639"]
[BlackElo "2872"]
[TimeControl "180+1"]
[EndTime "11:17:34 PST"]
[Termination "Zurability won on time"]

1. Nf3 Nf6 2. c4 e6 3. g3 d5 4.
Bg2 Be7 5. O-O O-O 6. b3 c5 7. e3 Nc6 8. cxd5 Nxd5 9. Bb2 Bf6 10. Nc3 Nxc3 11. dxc3 Qc7 12. Qe2 b6 13. e4 Bb7 14.
Nd2 Rad8 15. Rad1 Rd7 16. f4 Rfd8 17. e5 Be7 18. Ne4 Bf8 19. h4 Qc8 20. h5 h6 21.
g4 Ba6 22. c4 Rxd1 23. Rxd1 Rxd1+ 24. Qxd1 Qd8 25. Qf1 Nd4 26. f5 Qh4 27. Bxd4 cxd4 28. fxe6 fxe6 29. Nd6 Bxd6 30. exd6 Qd8 31. Qf4 d3 32. Qd4 b5 33. c5 e5 34. Qxd3 Qf6 35.
d7 Qd8 36. c6 1-0

[Event "*** Titled Tuesday Blitz"]
[Site "Chess.com"]
[Date "2021.02.16"]
[Round "7"]
[White "DenLaz"]
[Black "FairChess_on_YouTube"]
[Result "0-1"]
[WhiteElo "2791"]
[BlackElo "2940"]
[TimeControl "180+1"]
[EndTime "11:17:35 PST"]
[Termination "FairChess_on_YouTube won by resignation"]

1. d4 d5 2. c4 c6 3. Nf3 Nf6 4. Qc2 e6 5. e3 Be7 6. Nc3 O-O 7. b3 b6 8. Be2 Bb7 9. O-O Nbd7 10. Bb2 Rc8 11. Rad1 c5 12. dxc5 Nxc5 13. Qb1 Qc7 14. cxd5 Nxd5 15. Nxd5 Bxd5 16. Qa1 f6 17. Nd2 Rfd8 18.
Bf3 Nd3 19. Bxd5 Rxd5 20. Nf3 e5 21. e4 Rd7 22. Rd2 Bb4 23. Re2 Nf4 24. Re3 Qc2 25.
Ne1 Qd1 26. Nf3 Qxa1 27. Rxa1 Rc2 28. Rb1 Rxb2 29. Rxb2 Rd1+ 30. Ne1 Bxe1 0-1

[Event "*** Titled Tuesday Blitz"]
[Site "Chess.com"]
[Date "2021.02.16"]
[Round "7"]
[White "Chamal_Gedgafov"]
[Black "dodorox"]
[Result "1-0"]
[WhiteElo "2340"]
[BlackElo "2189"]
[TimeControl "180+1"]
[EndTime "11:17:36 PST"]
[Termination "Chamal_Gedgafov won on time"]

1. d4 Nf6 2. c4 e6 3. Nc3 d5 4. cxd5 exd5 5. Bg5 Be7 6. Qc2 c6 7. e3 Nbd7 8. Bd3 h6 9. Bf4 Nf8 10. Nf3 Ne6 11. Bg3 Bd7 12. Ne5 Nh5 13. Bg6 Nxg3 14. Bxf7+ Kf8 15. hxg3 Bf6 16. Bxe6 Bxe6 17. Ng6+ Kf7 18.
Nxh8+ Qxh8 19. O-O-O b5 20. Kb1 g6 21. f3 Kg7 22. e4 a6 23. g4 Qd8 24. Ne2 dxe4 25. Qxe4 Bd5 26. Qe3 Qa5 27. Qxh6+ Kf7 28. Nc3 Rh8 29. Qf4 1-0

[Event "*** Titled Tuesday Blitz"]
[Site "Chess.com"]
[Date "2021.02.16"]
[Round "7"]
[White "NTBT_DHS"]
[Black "AsaHoffmann"]
[Result "1-0"]
[WhiteElo "2770"]
[BlackElo "2366"]
[TimeControl "180+1"]
[EndTime "11:17:38 PST"]
[Termination "NTBT_DHS won on time"]

1. d4 Nf6 2. c4 c5 3. d5 e5 4. Nc3 d6 5. e4 Be7 6. Bd3 Nbd7 7. Nge2 Nf8 8. f4 exf4 9. Bxf4 Ng6 10. Bg3 Ng4 11. Qd2 Bg5 12. Nf4 N4e5 13. Be2 h5 14. h3 Bh4 15. Qe3 Bf6 16. O-O h4 17. Bh2 Ng4 18. hxg4 Bd4 19. Qxd4 cxd4 20. Nxg6 fxg6 21. Nb5 Rf8 22. Nxd6+ Kd7 23. Rxf8 Qxf8 24. Rf1 Qxd6 25. Bxd6 Kxd6 26. Rf8 Ke5 27. Re8+ Kf4 28. Kf2 b6 29. d6 1-0

[Event "*** Titled Tuesday Blitz"]
[Site "Chess.com"]
[Date "2021.02.16"]
[Round "7"]
[White "ChessSwole"]
[Black "Aya5ian"]
[Result "1-0"]
[WhiteElo "2534"]
[BlackElo "2311"]
[TimeControl "180+1"]
[EndTime "11:17:38 PST"]
[Termination "ChessSwole won by checkmate"]

1. b3 Nf6 2. Bb2 e6 3. e3 d5 4. f4 c5 5. Nf3 b5 6. Bxb5+ Bd7 7. Bxd7+ Nbxd7 8. O-O Bd6 9. d3 O-O 10. Nbd2 Qc7 11.
a4 a5 12. Qe1 Rab8 13. Qh4 h6 14. Bc3 c4 15. dxc4 dxc4 16. Nxc4 Bc5 17. Bd4 Bb4 18. Nfe5 Nd5 19. Qg3 f6 20. Ng4 Kh8 21. Qh4 Kh7 22. Rf3 Rfe8 23. Rh3 Bf8 24. Rf1 N7b6 25. Nxb6 Rxb6 26.
c4 Ne7 27. Bxf6 Nf5 28. Qh5 g6 29. Be5 Qxe5 30. fxe5 gxh5 31. Nf6+ Kg6 32. Nxe8 Be7 33. e4 Nd4 34. Rg3+ Kh7 35. Rf7+ Kh8 36. Rxe7 Rxb3 37. Nf6 Ne2+ 38. Kf2 Nxg3 39. Rh7# 1-0

[Event "*** Titled Tuesday Blitz"]
[Site "Chess.com"]
[Date "2021.02.16"]
[Round "7"]
[White "CraiggoryC"]
[Black "AttractiveMustard"]
[Result "0-1"]
[WhiteElo "2218"]
[BlackElo "2378"]
[TimeControl "180+1"]
[EndTime "11:17:38 PST"]
[Termination "AttractiveMustard won by resignation"]

1. e4 c5 2. Nf3 Nc6 3. d4 cxd4 4. Nxd4 Nf6 5. Nc3 d6 6. Bc4 e6 7. Be3 Be7 8. Qe2 O-O 9. O-O-O a6 10. Bb3 Qe8 11.
g4 Nxd4 12. Rxd4 e5 13. Rd2 Bxg4 14. f3 Be6 15. Rg1 Kh8 16. Bg5 Nh5 17. Qe3 Rd8 18. Rdg2 g6 19. Bh6 Rg8 20. Ne2 Bf8 21. Bg5 f6 22.
Bh6 Bxb3 23. axb3 d5 24. Bxf8 Qxf8 25. Rd1 d4 26. Qf2 Qc5 27. Qh4 d3 28. Nc3 Qe3+ 29.
Kb1 dxc2+ 30. Rxc2 Rxd1+ 31. Nxd1 Qxf3 32. Rc7 Qxd1+ 33.
Ka2 Qd2 34. Qh3 Qa5+ 0-1

[Event "*** Titled Tuesday Blitz"]
[Site "Chess.com"]
[Date "2021.02.16"]
[Round "7"]
[White "ferdipy"]
[Black "Sergey85Rodchenkov"]
[Result "0-1"]
[WhiteElo "2347"]
[BlackElo "2494"]
[TimeControl "180+1"]
[EndTime "11:17:39 PST"]
[Termination "Sergey85Rodchenkov won by resignation"]

1. e4 c5 2. d4 cxd4 3. c3 d3 4. c4 Nc6 5. Bxd3 g6 6. Nf3 Bg7 7. O-O d6 8. Nc3 Bg4 9. h3 Bxf3 10. Qxf3 Nf6 11. Qe2 O-O 12. f4 Nd7 13. Be3 a6 14.
Rac1 Qa5 15. Rfd1 Rfc8 16. Nd5 Qd8 17. b3 e6 18. Nc3 Qe7 19. Qf2 Rab8 20. g4 Nc5 21.
Bb1 b5 22. cxb5 axb5 23. Ne2 b4 24. Bxc5 dxc5 25. Qxc5 Qb7 26. Qf2 Rd8 27. e5 Bf8 28. Be4 Rxd1+ 29. Rxd1 Qa6 30. Rc1 Rc8 31. Ng3 Nd4 32. Rxc8 Qxc8 33. Qxd4 Bc5 34. Qxc5 Qxc5+ 35. Kg2 Qe3 36. h4 Qxf4 37. Kh3 Qxe5 38. h5 f5 39. gxf5 exf5 40. Bd3 f4 41. Bc4+ Kg7 0-1

[Event "*** Titled Tuesday Blitz"]
[Site "Chess.com"]
[Date "2021.02.16"]
[Round "7"]
[White "Taran2004"]
[Black "Guzman70"]
[Result "1-0"]
[WhiteElo "2412"]
[BlackElo "2240"]
[TimeControl "180+1"]
[EndTime "11:17:42 PST"]
[Termination "Taran2004 won on time"]

1. e4 g6 2. d4 Bg7 3. Nc3 d6 4. f4 a6 5. Nf3 b5 6. e5 Nh6 7. Bd3 O-O 8. Be4 c6 9. O-O Nf5 10. Bxf5 Bxf5 11. Be3 Nd7 12. h3 Nb6 13. g4 Be6 14.
Ng5 Bd5 15. b3 b4 16. Nce4 h6 17. f5 hxg5 18. Nxg5 dxe5 19. fxg6 fxg6 20. dxe5 Bxe5 21. Rxf8+ Kxf8 22. Qf1+ Kg7 23. Rd1 Bf6 24. Ne6+ Bxe6 25. Rxd8 Rxd8 26. Bxb6 Rd5 27. Qxa6 Rd2 28. Bc5 Rxc2 29.
Qxc6 Kf7 30. Qb5 Rxa2 31. Qxb4 Rb2 32. Bd4 Rxb3 33. Qc5 Rf3 34. Bxf6 Rxf6 35. Kg2 Rf4 36. Qe5 Rc4 37. Qg5 Re4 38. Qh6 Rc4 39. Qh7+ Kf6 40.
g5+ 1-0

[Event "*** Titled Tuesday Blitz"]
[Site "Chess.com"]
[Date "2021.02.16"]
[Round "7"]
[White "Indianlad"]
[Black "Witik"]
[Result "1-0"]
[WhiteElo "2925"]
[BlackElo "2773"]
[TimeControl "180+1"]
[EndTime "11:17:44 PST"]
[Termination "Indianlad won by resignation"]

1. d4 d5 2. c4 e6 3. Nf3 c6 4. Bg5 f6 5. Bd2 f5 6. Nc3 Nf6 7. Bf4 Bb4 8. e3 Ne4 9. Rc1 Nd7 10. Bd3 O-O 11. a3 Bxc3+ 12. bxc3 g5 13. Bg3 b6 14. cxd5 cxd5 15. Nd2 Nxg3 16. hxg3 e5 17.
Bb5 Bb7 18. Bxd7 Qxd7 19. Nf3 exd4 20. Qxd4 Qe7 21. Rh5 Rf6 22. Rxg5+ Rg6 23. Rxg6+ hxg6 24. Qb4 Qc5 25. Kd2 Rc8 26. Rh1 Ba6 27. Qd4 Qxd4+ 28. Nxd4 Kg7 29. a4 Rc4 30. Ra1 Kf6 31. a5 b5 32. Nc2 g5 33. Nb4 Bb7 34. a6 Ba8 35.
Ra5 Rc5 36. Nd3 Rc6 37. f4 g4 38. Nb4 Rb6 39. Kd3 Ke7 40. Kd4 Kd6 41. Ra1 Rb8 42. Rh1 Re8 43. Rh6+ Kd7 44. Rh7+ Kd6 45. Rxa7 1-0

[Event "*** Titled Tuesday Blitz"]
[Site "Chess.com"]
[Date "2021.02.16"]
[Round "7"]
[White "Mikhail_Golubev"]
[Black "RD4ever"]
[Result "0-1"]
[WhiteElo "2564"]
[BlackElo "2872"]
[TimeControl "180+1"]
[EndTime "11:17:46 PST"]
[Termination "RD4ever won by checkmate"]

1. e4 e5 2. Nf3 Nc6 3. Bb5 a6 4. Ba4 Nf6 5. O-O b5 6. Bb3 Bc5 7. c3 d6 8. d4 Bb6 9. a4 Rb8 10. a5 Ba7 11. Be3 Bg4 12. dxe5 Bxf3 13. Qxf3 Nxe5 14.
Qe2 Bxe3 15. Qxe3 O-O 16. Nd2 Re8 17. f4 Nc4 18. Bxc4 bxc4 19. Nxc4 Rxe4 20. Qd3 Qe7 21.
b4 Re8 22. Nd2 Re2 23. Nf3 Ng4 24. h3 Qe3+ 25. Qxe3 Nxe3 26. Rf2 Rxf2 27. Kxf2 Nd5 28. Rc1 Nxf4 29. Rd1 Re2+ 30. Kg3 Nh5+ 31. Kh4 g6 32. b5 axb5 33. Ra1 Rxg2 34. a6 Ng7 35. Nd4 g5# 0-1

[Event "*** Titled Tuesday Blitz"]
[Site "Chess.com"]
[Date "2021.02.16"]
[Round "7"]
[White "SanchezKelvin"]
[Black "Neftegor"]
[Result "0-1"]
[WhiteElo "2399"]
[BlackElo "2574"]
[TimeControl "180+1"]
[EndTime "11:17:46 PST"]
[Termination "Neftegor won by resignation"]

1. d4 Nf6 2. c4 e6 3. Nf3 Bb4+ 4.
Nbd2 O-O 5. e3 c5 6. a3 Bxd2+ 7. Qxd2 cxd4 8. Nxd4 d5 9. b3 Qe7 10. Bb2 Rd8 11.
Qc2 Nbd7 12. cxd5 exd5 13. Be2 Nc5 14. O-O Nce4 15. Rac1 a6 16. Rfd1 Qe8 17. Qc7 Nd6 18.
Nf3 Nfe4 19. Rxd5 Be6 20. Re5 f6 21. Rxe6 Qxe6 22. Nd4 Qf7 23. Qb6 Rac8 24. Rd1 Qc7 25. Qb4 Qc5 26. Qxc5 Nxc5 27. Bf3 Nb5 28. a4 Nxd4 29.
Rxd4 Rxd4 30. exd4 Nd7 31. Bxb7 Rc2 32. Bd5+ Kh8 33.
Ba3 Ra2 0-1

[Event "*** Titled Tuesday Blitz"]
[Site "Chess.com"]
[Date "2021.02.16"]
[Round "7"]
[White "atalz0"]
[Black "juancruzarias"]
[Result "0-1"]
[WhiteElo "2418"]
[BlackElo "2650"]
[TimeControl "180+1"]
[EndTime "11:17:47 PST"]
[Termination "juancruzarias won by resignation"]

1. d4 Nf6 2. c4 c5 3. d5 e5 4. Nc3 d6 5. e4 Nbd7 6. g3 Be7 7. Bg2 O-O 8. Nge2 Ne8 9. O-O Nc7 10. h3 Rb8 11.
Qd3 a6 12. a4 b6 13. Kh2 Bg5 14. f4 Bf6 15. f5 Bg5 16. h4 Bxc1 17. Raxc1 b5 18.
cxb5 axb5 19. axb5 Nxb5 20. Nxb5 Ba6 21. Nec3 Qb6 22. f6 Nxf6 23. Rxf6 gxf6 24. Bf1 c4 25. Qxc4 Rfc8 26. Qa4 Qf2+ 27. Kh3 Rxc3 28. bxc3 Bc8+ 29. g4 Qf3+ 30. Kh2 Qf4+ 31. Kg2 Qxc1 32. Qa7 Qb2+ 33. Kg1 Rxb5 34. Qc7 Rb8 35. Qd8+ Kg7 36. g5 Qb6+ 0-1